 Dungeon Crawl Stone Soup version 0.27-a0-1119-gbf574a6a6b (webtiles) character file.

Game seed: 16350545669664694613

26 kodamatunes15 the Ruffian (level 3, -5/30 HPs)
             Began as a Ghoul Gladiator on May 2, 2021.
             Splashed by a jelly's acid (8 damage)
             ... on level 2 of the Dungeon.
             The game lasted 00:07:00 (774 turns).

kodamatunes15 the Ruffian (Ghoul Gladiator)          Turns: 774, Time: 00:07:01

Health: -5/30      AC:  0    Str: 18    XL:     3   Next: 8%
Magic:  2/2        EV: 12    Int:  3    God:
Gold:   61         SH:  0    Dex: 10    Spells: 2/2 levels left

rFire    . . .     SeeInvis .   i - +0 spear
rCold    + . .     Faith    .   (no shield)
rNeg     + + +     Spirit   .   a - +0 leather armour
rPois    ∞         Reflect  .   b - +0 helmet
rElec    .         Harm     .   (no cloak)
rCorr    .         Rampage  .   (no gloves)
Will     .....                  (no boots)
Stlth    +.........             (no amulet)
HPRegen  0.00/turn              (no ring)
MPRegen  0.08/turn              (no ring)

@: corroded
A: claws 1, cold resistance 1, negative energy resistance 3, inhibited
regeneration, torment resistance 2, unbreathing 1
a: no special abilities


You were on level 2 of the Dungeon.
You visited 1 branch of the dungeon, and saw 2 of its levels.

You collected 61 gold pieces.

Inventory:

Hand Weapons
 i - a +0 spear (weapon)
Missiles
 c - 3 throwing nets (quivered)
 e - 23 arrows
 f - 36 bolts
 g - 11 stones
 h - 11 poisoned darts
Armour
 a - a +0 leather armour (worn)
 b - a +0 helmet (worn)
Potions
 d - a potion of brilliance {unknown}


   Skills:
 + Level 2.3 Fighting
 + Level 0.1 Polearms
 + Level 2.0 Throwing
 + Level 0.3 Armour
 + Level 2.9 Dodging
 + Level 3.9 Unarmed Combat


You had 2 spell levels left.
You didn't know any spells.
Your spell library was empty.

Dungeon Overview and Level Annotations

Branches:
Dungeon (2/15)

Altars:


Innate Abilities, Weirdness & Mutations

You thrive by killing the living.
You are immune to poison.
You have sharp fingernails.
Your flesh is cold resistant. (rC+)
You are immune to negative energy. (rN+++)
You do not regenerate when monsters are visible.
You are immune to unholy pain and torment.
You can survive without breathing.


Message History

The bat hits you but does no damage.
The jelly quivers.
You hit the bat.
The bat is moderately wounded.
The bat closely misses you. The bat barely misses you.
Found 12 gold pieces.
The bat barely misses you.
You closely miss the bat.
The bat is moderately wounded.
The bat barely misses you.
You miss the bat.
The bat is moderately wounded.
The bat closely misses you. The bat hits you.
You closely miss the bat.
The bat is moderately wounded.
The bat barely misses you.
You hit the jelly but do no damage.
Your claws burn!
The jelly hits you but does no damage. The bat barely misses you.
The jelly hits you but does no damage.
You hit the bat. Your claw misses the bat.
The bat is moderately wounded.
The bat hits you but does no damage. The jelly closely misses you.
You barely miss the jelly. The bat hits you but does no damage.
The bat misses you. The jelly barely misses you.
You hit the jelly. The acid corrodes you!
Your claws burn!
The jelly is lightly wounded.
The bat hits you. The jelly barely misses you.
You hit the jelly but do no damage.
Your claws burn!
The jelly is lightly wounded.
The bat closely misses you. The jelly misses you.
You hit the jelly.
Your claws burn!
* * * LOW HITPOINT WARNING * * *
The jelly is moderately wounded.
The bat hits you.
* * * LOW HITPOINT WARNING * * *
The jelly hits you.
* * * LOW HITPOINT WARNING * * *
You are splashed with acid!
You die...

.$...#
##.......## #.
....
.....####..
#..............
#... ..........
##..♣♣.........
#....♣b........
#.J.........
#.##.@....♣...
........†).♣♣♣
###.##.##)##.#
# #.#...<.#
..#.†####
####..# #...
.... ##.##


You could see a jelly and a bat.

Vanquished Creatures
  2 endoplasms
  3 giant cockroaches
  2 hobgoblins (D:1)
  2 jackals (D:2)
  2 quokkas
  A ball python (D:1)
  2 bats (D:1)
  6 goblins
  2 rats (D:1)
22 creatures vanquished.

Notes
Turn   | Place    | Note
-------+----------+-------------------------------------------
     0 | D:1      | kodamatunes15 the Ghoul Gladiator began the quest for the
                  | Orb.
     0 | D:1      | Reached XP level 1. HP: 17/17 MP: 0/0
   167 | D:1      | Reached XP level 2. HP: 21/25 MP: 1/1
   756 | D:2      | Reached XP level 3. HP: 27/30 MP: 2/2
   774 | D:2      | Splashed by a jelly's acid

Illustrated notes

Levels and vault maps discovered:
D:1:      minmay_arrival_diagonal_passages, layout_loops_ring,
          minmay_crystal_room, hex_large, serial_park_tiny_2, skrybe_limestone_x
D:2:      layout_loops_ring, shapermc_ecumenical_altar_mp_urbaneastern,
          hangedman_decor_diamond_cutter, kennysheep_decorative_pillar,
          corner_web_ring, minmay_misc_feat_diagonals

Skill      XL: |  1  2 |
---------------+-------+-----
Throwing       | 2 |  2.0
Fighting       | |  2.3
Polearms       | |  0.1
Armour         | |  0.3
Dodging        | |  2.9
Unarmed Combat | |  3.9

Action                   || total
-------------------------++-------
Melee: Unarmed           ||    32
       Spear             ||    57
  Use: Scroll            ||     1
Armor: Leather armour    ||    31
Dodge: Dodged            ||    80

Table legend: (Time is in decaauts)
 A = Elapsed time spent in this place.
 B = Non-inter-level travel time spent in this place.
 C = Inter-level travel time spent in this place.
 D = Time resting spent in this place.
 E = Time spent auto-exploring this place.
 F = Levels seen in this place.
 G = Mean time per level.
                   A        B        C        D        E       F      G
               +--------+--------+--------+--------+--------+-----+--------+
         Total |    776 |    215 |    561 |      0 |      0 |   2 |  388.0 |
       Dungeon |    776 |    215 |    561 |      0 |      0 |   2 |  388.0 |
               +--------+--------+--------+--------+--------+-----+--------+

Top non-repeatable levels by time:
     D:1: 733 daAuts
     D:2: 43 daAuts
